 Dungeon Crawl Stone Soup version 0.31-a0-1338-gb567cfdca4 (webtiles) character file.

Game seed: 14627417676253770332

157 jfcaron the Ruffian (level 5, -1/41 HPs)
             Began as a Gnoll Shapeshifter on Dec 22, 2023.
             Was a Follower of Uskayaw.
             Slain by a gnoll
             ... wielding a +0 club
              (4 damage)
             ... on level 3 of the Dungeon.
             The game lasted 00:06:56 (2121 turns).

jfcaron the Ruffian (Gnoll Shapeshifter)            Turns: 2121, Time: 00:06:57

Health: -1/41      AC:  6    Str: 18    XL:     5   Next: 38%
Magic:  7/7        EV: 12    Int: 10    God:    Uskayaw [*.....]
Gold:   170        SH:  0    Dex: 11    Spells: 7/7 levels left

rFire   + .          .
                       - Unarmed
rCold   . . .        (no shield)
rNeg    . . .        o - +1 ring mail of the Ditch-Digger {rElec rF+ Str+3}
rPois   .            j - melded +1 helmet
rElec   +            (cloak currently unavailable)
rCorr   .            i - melded +0 pair of gloves
SInv    .            (boots currently unavailable)
Will    .....        (no amulet)
Stlth   +            (no ring)
HPRegen 0.26/turn    (no ring)
MPRegen 0.10/turn

%: no passive effects
@: mighty, beast-form
A: beast (slay +3), fangs 1, strong nose, distributed training
a: Begin Untransformation, Renounce Religion, Stomp


You were on level 3 of the Dungeon.
You worshipped Uskayaw.
Uskayaw was noncommittal.
You were a hulking beast.
You visited 1 branch of the dungeon, and saw 3 of its levels.

You collected 170 gold pieces.

Inventory:

Missiles
 k - 15 stones
Armour
 a - a +0 animal skin
 i - a +0 pair of gloves (melded)
 j - a +1 helmet (melded)
 m - a +0 leather armour of positive energy
   (You found it on level 2 of the Dungeon)
 o - the +1 ring mail of the Ditch-Digger (worn) {rElec rF+ Str+3}
   (You found it on level 2 of the Dungeon)

   Str+3:     It affects your strength (+3).
   rF+:       It protects you from fire.
   rElec:     It insulates you from electricity.
Talismans
 c - a beast talisman (active)
 d - a flux talisman
Scrolls
 l - a scroll of identify
Potions
 b - a potion of lignification
 e - 2 potions of brilliance


   Skills:
 + Level 3.0 Fighting
 + Level 1.5 Short Blades
 + Level 1.5 Long Blades
 + Level 1.5 Axes
 + Level 1.5 Maces & Flails
 + Level 1.5 Polearms
 + Level 1.5 Staves
 + Level 1.5 Ranged Weapons
 + Level 1.5 Throwing
 + Level 1.5 Armour
 + Level 4.8 Dodging
 + Level 1.5 Stealth
 + Level 1.5 Shields
 + Level 6.7 Unarmed Combat
 + Level 1.5 Spellcasting
 + Level 1.2 Conjurations
 + Level 1.2 Hexes
 + Level 1.2 Summonings
 + Level 1.2 Necromancy
 + Level 1.2 Translocations
 + Level 1.2 Fire Magic
 + Level 1.2 Ice Magic
 + Level 1.2 Air Magic
 + Level 1.2 Earth Magic
 + Level 1.2 Alchemy
 + Level 1.7 Invocations
 + Level 1.5 Evocations
 + Level 6.6 Shapeshifting


You had 7 spell levels left.
You didn't know any spells.
Your spell library was empty.

Dungeon Overview and Level Annotations

Branches:
Dungeon (3/15)

Altars:
Uskayaw


Innate Abilities, Weirdness & Mutations

You are a hulking beast.
Your limbs bulge with bestial killing power. (Slay +3)
You have very sharp teeth.
Your uncanny sense of smell can sniff out nearby items.
Your experience applies equally to all skills.


Message History

The adder attacks as it pursues you! The adder closely misses you.
The adder attacks as it pursues you! The adder barely misses you.
The adder bites you but does no damage.
You hear the rusting of a drain nearby.
Found 10 gold pieces and 4 stones.
The adder attacks as it pursues you! The adder barely misses you.
The adder closely misses you.
You see here 10 gold pieces.
You see here 4 stones.
You punch the ball python!
You kill the ball python!
You punch the adder!
The adder is severely wounded.
The adder bites you but does no damage. x2
You punch the adder!
You kill the adder!
You can now pass through a line of other dancers.
The gnoll shouts!
The gnoll throws a throwing net.
The throwing net barely misses you.
You can no longer pass through a line of other dancers.
The gnoll attacks as it pursues you!
The gnoll hits you from afar with a +0 halberd.
The gnoll hits you with a +0 club.
* * * LOW HITPOINT WARNING * * *
You barely miss the gnoll. The gnoll barely misses you.
The gnoll hits you with a +0 club.
* * * LOW HITPOINT WARNING * * *
Okay, then.
Okay, then.
Unknown command.
Okay, then.
Unknown command.
You feel very mighty all of a sudden.
The gnoll hits you from afar with a +0 halberd.
* * * LOW HITPOINT WARNING * * *
The gnoll closely misses you.
Unknown command.
The gnoll barely misses you. The gnoll attacks as it pursues you!
The gnoll hits you with a +0 club.
You die...

#g####........##.#.####
..# #.......###.###..
.## #......#.##.##.# ##
#......##.....# #### #
#......###...## .....
#......##..K..####.....
#......#.##.##.#.......
######..# #g###..# ####
#h####.# #g#.(g.#
#g..#### #####


You could see 3 gnolls and a kobold.

Vanquished Creatures
  Robin (D:2)
  5 gnolls
  2 adders (D:3)
  A worm (D:3)
  2 dart slugs
  2 orcs (D:3)
  6 bats
  3 endoplasms
  7 giant cockroaches
  14 goblins
  7 hobgoblins
  2 kobolds (D:2)
  2 quokkas
  6 ball pythons
  2 frilled lizards (D:3)
  3 rats
65 creatures vanquished.

Notes
Turn   | Place    | Note
-------+----------+-------------------------------------------
     0 | D:1      | jfcaron the Gnoll Shapeshifter began the quest for the Orb.
     0 | D:1      | Reached XP level 1. HP: 17/17 MP: 1/1
   180 | D:1      | Reached XP level 2. HP: 21/23 MP: 2/2
   589 | D:1      | Reached XP level 3. HP: 26/28 MP: 3/3
   863 | D:2      | Found a hide-covered altar of Uskayaw.
   875 | D:2      | Reached skill level 1 in Invocations
   884 | D:2      | Became a worshipper of Uskayaw the Reveller
   938 | D:2      | Noticed Robin
   954 | D:2      | Reached * piety under Uskayaw
   985 | D:2      | Reached skill level 1 in Short Blades
   985 | D:2      | Reached skill level 1 in Long Blades
   985 | D:2      | Reached skill level 1 in Axes
   985 | D:2      | Reached skill level 1 in Maces & Flails
   985 | D:2      | Reached skill level 1 in Polearms
   985 | D:2      | Reached skill level 1 in Staves
   985 | D:2      | Reached skill level 1 in Ranged Weapons
   985 | D:2      | Reached skill level 1 in Throwing
   985 | D:2      | Reached skill level 1 in Armour
   985 | D:2      | Reached skill level 1 in Stealth
   985 | D:2      | Reached skill level 1 in Shields
   985 | D:2      | Reached skill level 1 in Spellcasting
   985 | D:2      | Reached skill level 1 in Evocations
   987 | D:2      | Reached ** piety under Uskayaw
  1249 | D:2      | Killed Robin
  1250 | D:2      | Reached XP level 4. HP: 28/34 MP: 5/5
  1350 | D:2      | Reached skill level 1 in Conjurations
  1350 | D:2      | Reached skill level 1 in Hexes
  1350 | D:2      | Reached skill level 1 in Summonings
  1350 | D:2      | Reached skill level 1 in Necromancy
  1350 | D:2      | Reached skill level 1 in Translocations
  1350 | D:2      | Reached skill level 1 in Fire Magic
  1350 | D:2      | Reached skill level 1 in Ice Magic
  1350 | D:2      | Reached skill level 1 in Air Magic
  1350 | D:2      | Reached skill level 1 in Earth Magic
  1350 | D:2      | Reached skill level 1 in Alchemy
  1355 | D:2      | Reached *** piety under Uskayaw
  1788 | D:2      | Identified the +1 ring mail of the Ditch-Digger {rElec rF+
                  | Str+3}
  1926 | D:3      | Reached XP level 5. HP: 40/40 MP: 5/7
  2119 | D:3      | HP: 7/41 [gnoll/+0 club (2)]
  2120 | D:3      | HP: 3/41 [gnoll/+0 halberd (5)]
  2121 | D:3      | Slain by a gnoll

Illustrated notes

Levels and vault maps discovered:
D:1:      saegor_arrival_miasma, layout_basic, minmay_misc_feat_plants
D:2:      layout_loops_ring, basic_altar, uniq_robin
D:3:      layout_rooms, serial_shops, nicolae_shop_trees, portal_sewer_entry_f,
          hex_intersection

Skill      XL: |  1  2  3  4  5 |
---------------+----------------+-----
Invocations    | 1 |  1.7
Short Blades   | 1 |  1.5
Long Blades    | 1 |  1.5
Axes           | 1 |  1.5
Maces & Flails | 1 |  1.5
Polearms       | 1 |  1.5
Staves         | 1 |  1.5
Ranged Weapons | 1 |  1.5
Throwing       | 1 |  1.5
Armour         | 1 |  1.5
Stealth        | 1 |  1.5
Shields        | 1 |  1.5
Spellcasting   | 1 |  1.5
Evocations     | 1 |  1.5
Conjurations   | 1 |  1.2
Hexes          | 1 |  1.2
Summonings     | 1 |  1.2
Necromancy     | 1 |  1.2
Translocations | 1 |  1.2
Fire Magic     | 1 |  1.2
Ice Magic      | 1 |  1.2
Air Magic      | 1 |  1.2
Earth Magic    | 1 |  1.2
Alchemy        | 1 |  1.2
Fighting       | 3 |  3.0
Dodging        | |  4.8
Unarmed Combat | |  6.7
Shapeshifting  | |  6.6

Action                     |  1- 3 |  4- 6 || total
---------------------------+-------+-------++-------
  Melee: Unarmed           |    95 |    68 ||   163
         Bite              |    10 |     6 ||    16
         Punch             |       |     1 ||     1
  Throw: Stone             |     3 |       ||     3
    Use: Scroll            |       |     7 ||     7
         Potion            |       |     1 ||     1
   Stab: Paralysed         |       |     2 ||     2
 Armour: Skin              |    23 |    10 ||    33
         Animal skin       |    12 |       ||    12
         Ring mail         |       |    28 ||    28
  Dodge: Dodged            |    67 |    63 ||   130
   Form: Flux              |     2 |       ||     2
         Beast             |     1 |     1 ||     2

Table legend: (Time is in decaauts)
 A = Elapsed time spent in this place.
 B = Non-inter-level travel time spent in this place.
 C = Inter-level travel time spent in this place.
 D = Time resting spent in this place.
 E = Time spent auto-exploring this place.
 F = Levels seen in this place.
 G = Mean time per level.
                   A        B        C        D        E       F      G
               +--------+--------+--------+--------+--------+-----+--------+
         Total |   2103 |   1981 |    122 |    284 |   1080 |   3 |  701.0 |
       Dungeon |   2103 |   1981 |    122 |    284 |   1080 |   3 |  701.0 |
               +--------+--------+--------+--------+--------+-----+--------+

Top non-repeatable levels by time:
     D:1: 1052 daAuts
     D:2: 835 daAuts
     D:3: 215 daAuts

Table legend: (Time is in decaauts)
 A = Elapsed time spent in this place.
 B = Non-inter-level travel time spent in this place.
 C = Inter-level travel time spent in this place.
 D = Time resting spent in this place.
 E = Time spent auto-exploring this place.
 F = Levels seen in this place.
 G = Mean time per level.
                   A        B        C        D        E       F      G
               +--------+--------+--------+--------+--------+-----+--------+
         Total |   2103 |   1981 |    122 |    284 |   1080 |   3 |  701.0 |
       Dungeon |   2103 |   1981 |    122 |    284 |   1080 |   3 |  701.0 |
               +--------+--------+--------+--------+--------+-----+--------+

Top non-repeatable levels by time:
     D:1: 1052 daAuts
     D:2: 835 daAuts
     D:3: 215 daAuts

Table legend:
 A = Kills in this place as a percentage of kills in the entire game.
 B = Kills by you in this place as a percentage of kills by you in the entire game.
 C = Kills by friends in this place as a percentage of kills by friends in the entire game.
 D = Other kills in this place as a percentage of other kills in the entire game.
 E = Experience gained in this place as a percentage of experience gained in the entire game.
 F = Experience gained in this place divided by the number of levels of this place that you have seen.
                   A       B       C       D       E      F
               +-------+-------+-------+-------+-------+----------------------
         Total | 100.0 | 100.0 |   N/A |   N/A | 100.0 |  75.0
       Dungeon | 100.0 | 100.0 |   N/A |   N/A | 100.0 |  75.0
               +-------+-------+-------+-------+-------+----------------------

Levels and vault maps discovered:
D:1:      saegor_arrival_miasma, layout_basic, minmay_misc_feat_plants
D:2:      layout_loops_ring, basic_altar, uniq_robin
D:3:      layout_rooms, serial_shops, nicolae_shop_trees, portal_sewer_entry_f,
          hex_intersection
